 Dungeon Crawl Stone Soup version 0.28-a0-1429-gf3d713df7a (console) character file.

Game seed: 7228063463555898900

80 petzl the Vexing (level 4, -1/33 HPs)
             Began as a Formicid Arcane Marksman on Jan 8, 2022.
             Killed by nerve-wracking pain
             ... invoked by Jessica
              (4 damage)
             ... on level 3 of the Dungeon.
             The game lasted 00:04:11 (2492 turns).

petzl the Vexing (Formicid Arcane Marksman)         Turns: 2492, Time: 00:04:11

Health: -1/33      AC:  5    Str: 15    XL:     4   Next: 65%
Magic:  3/7        EV: 11    Int: 14    God:
Gold:   33         SH:  0    Dex: 11    Spells: 6/7 levels left

rFire   . . .      SeeInvis +   b - +0 hand crossbow
rCold   . . .      Faith    .   (no shield)
rNeg    . . .      Spirit   .   h - +0 ring mail
rPois   .          Reflect  .   (helmet unavailable)
rElec   .          Harm     .   (no cloak)
rCorr   .          Rampage  .   (no gloves)
Will    .....                   (no boots)
Stlth   +.........              (no amulet)
HPRegen 0.11/turn               (no ring)
MPRegen 0.10/turn               (no ring)

@: no status effects
A: permanent stasis, dig shafts and tunnels, antennae 3, four strong arms
a: Dig, Shaft Self


You were on level 3 of the Dungeon.
You visited 1 branch of the dungeon, and saw 3 of its levels.

You collected 33 gold pieces.

Inventory:

Hand Weapons
 a - a +0 falchion of holy wrath
 b - a +0 hand crossbow (weapon)
Missiles
 c - 111 bolts (quivered ammo)
 k - 14 poisoned darts
Armour
 h - a +0 ring mail (worn)
Scrolls
 d - a scroll of noise {unknown}
 l - 2 scrolls of blinking {unknown}
 m - a scroll of fog {unknown}
 n - a scroll of vulnerability {unknown}
Potions
 e - 3 potions of magic {unknown}
 f - a potion of lignification {unknown}
 g - a potion of attraction {unknown}
 i - a potion of degeneration {unknown}
 j - a potion of mutation {unknown}


   Skills:
 + Level 1.9 Fighting
 * Level 2.4 Crossbows
 + Level 1.1 Armour
 + Level 2.3 Dodging
 + Level 1.8 Stealth
 * Level 2.2 Spellcasting
 - Level 3.6 Hexes


You had 6 spell levels left.
You knew the following spells:

 Your Spells              Type           Power      Damage    Failure   Level
a - Slow                  Hex            44%        N/A       11%         1

Your spell library contained the following spells:

 Spells                   Type           Power      Damage    Failure   Level
 Inner Flame              Hex/Fire       6%         N/A       54%         3
 Portal Projectile        Hex/Tloc       12%        N/A       54%         3
 Cause Fear               Hex            5%         N/A       71%         4


Dungeon Overview and Level Annotations

Branches:
Dungeon (3/15)

Altars:

Annotations:
D:3 Jessica


Innate Abilities, Weirdness & Mutations

You cannot be hasted, slowed, berserked, paralysed or teleported.
You can dig through walls and to a lower floor.
You have a pair of large antennae on your head. (SInv)
Your four strong arms can wield two-handed weapons with a shield.


Message History

Jessica shouts!
Jessica casts a spell at you. Pain shoots through your body!
Jessica is nearby!
Jessica is nearby!
Casting: Slow (safe; 11% risk of failure)
Confirm with . or Enter, or press ? or * to list all spells.
Aiming: Slow (safe; 11% risk of failure)
Press: ? - help, Shift-Dir - straight line, f - Jessica
Aim: Jessica, wielding a +0 club and wearing a +0 robe (chance to affect: 58%) Jessica resists with significant effort.
Casting: Slow (safe; 11% risk of failure)
Confirm with . or Enter, or press ? or * to list all spells.
Aiming: Slow (safe; 11% risk of failure)
Press: ? - help, Shift-Dir - straight line, f/p - Jessica
Aim: Jessica, wielding a +0 club and wearing a +0 robe (chance to affect: 58%) Jessica resists with significant effort.
Jessica hits you with a +0 club.
Casting: Slow (safe; 11% risk of failure)
Confirm with . or Enter, or press ? or * to list all spells.
Aiming: Slow (safe; 11% risk of failure)
Press: ? - help, Shift-Dir - straight line, f/p - Jessica
Aim: Jessica, wielding a +0 club and wearing a +0 robe (chance to affect: 58%) Jessica resists with significant effort.
Jessica hits you with a +0 club.
Casting: Slow (safe; 11% risk of failure)
Confirm with . or Enter, or press ? or * to list all spells.
Aiming: Slow (safe; 11% risk of failure)
Press: ? - help, Shift-Dir - straight line, f/p - Jessica
Aim: Jessica, wielding a +0 club and wearing a +0 robe (chance to affect: 58%) Jessica seems to slow down.
Jessica points at you and mumbles some strange words.
Pain shoots through your body!
* * * LOW HITPOINT WARNING * * *
Okay, then.
Are you sure you want to shaft yourself?
You begin to dig a shaft.
You continue digging a shaft.
Jessica points at you and mumbles some strange words.
Pain shoots through your body!
You die...

#.# #......... #.#
#..#####.. ##+#
#.........
#.>.###.######.
.....##.# #....
.[....#.# #..#.
........###....
...)...........
...............
......#####..##
.....# #.## #.
#...# #.# #. ##+#
#.# .. #.# #.# #.
#.# #.### #. ##.##
#...# #. ###...###
###.#
#@#########.......#
#.#
#.@...).......###.#
#.# ###########...#
#.#######.#
##..###...>.....#
##.....#########
#######


You could see Jessica (slow).

Vanquished Creatures
  3 adders
  A shadow imp (D:3)
  2 orcs
  5 bats
  2 endoplasms (D:2)
  A giant cockroach (D:1)
  4 goblins
  3 hobgoblins
  2 jackals (D:1)
  4 quokkas (D:1)
  5 ball pythons
  A frilled lizard (D:1)
  5 kobolds
  4 rats
42 creatures vanquished.

Vanquished Creatures (others)
  A plant (D:1)
1 creature vanquished.

Grand Total: 43 creatures vanquished

Notes
Turn   | Place    | Note
-------+----------+-------------------------------------------
     0 | D:1      | petzl the Formicid Arcane Marksman began the quest for the
                  | Orb.
     0 | D:1      | Reached XP level 1. HP: 15/15 MP: 2/2
   282 | D:1      | You fall into a shaft and drop 1 floor!
   285 | D:2      | Reached XP level 2. HP: 21/21 MP: 4/4
   327 | D:2      | Reached XP level 3. HP: 16/26 MP: 5/5
   637 | D:1      | Reached skill level 1 in Stealth
   792 | D:1      | Reached skill level 1 in Armour
  1586 | D:2      | Reached XP level 4. HP: 22/33 MP: 7/7
  2133 | D:3      | Found a faded altar of an unknown god.
  2486 | D:3      | Noticed Jessica
  2492 | D:3      | Killed from afar by Jessica

Illustrated notes

Levels and vault maps discovered:
D:1:      kilobyte_arrival_exit_the_forest, layout_loops_ring,
          serial_bayou_lake_a
D:2:      minmay_skewed_foursquare, layout_basic
D:3:      layout_loops_corners, shapermc_ecumenical_altar_mp_urbaneastern,
          minmay_crystal_room, kennysheep_generic_room_14, uniq_jessica,
          uniq_crazy_yiuf_cottage

Skill      XL: |  1  2  3 |
---------------+----------+-----
Dodging        | 2 |  2.3
Stealth        | 1 |  1.8
Armour         | 1 |  1.1
Spellcasting   | 2 |  2.2
Fighting       | |  1.9
Crossbows      | |  2.4
Hexes          | |  3.6

Action                   |  1- 3 |  4- 6 || total
-------------------------+-------+-------++-------
 Fire: Hand crossbow     |    66 |    43 ||   109
 Cast: Slow              |     2 |     4 ||     6
 Abil: Shaft Self        |       |     1 ||     1
Armor: Robe              |     2 |       ||     2
       Ring mail         |     4 |     5 ||     9
Dodge: Dodged            |    17 |    10 ||    27

Table legend: (Time is in decaauts)
 A = Elapsed time spent in this place.
 B = Non-inter-level travel time spent in this place.
 C = Inter-level travel time spent in this place.
 D = Time resting spent in this place.
 E = Time spent auto-exploring this place.
 F = Levels seen in this place.
 G = Mean time per level.
                   A        B        C        D        E       F      G
               +--------+--------+--------+--------+--------+-----+--------+
         Total |   2592 |   2420 |    172 |    316 |   1692 |   3 |  864.0 |
       Dungeon |   2592 |   2420 |    172 |    316 |   1692 |   3 |  864.0 |
               +--------+--------+--------+--------+--------+-----+--------+

Top non-repeatable levels by time:
     D:1: 1151 daAuts
     D:2: 971 daAuts
     D:3: 469 daAuts
